 Dungeon Crawl Stone Soup version 0.27.1-33-g824d729ab1 (webtiles) character file.

Game seed: 17202595069368067112

4406 Descartes the Covert (level 10, 0/51 HPs)
             Began as a Spriggan Wanderer on Dec 14, 2021.
             Was an Initiate of Gozag.
             Slain by a gnoll sergeant (11 damage)
             ... in a bailey.
             The game lasted 00:44:54 (12606 turns).

Descartes the Covert (Spriggan Wanderer)           Turns: 12606, Time: 00:44:55

Health: 0/51       AC:  7    Str: 10    XL:     10   Next: 14%
Magic:  18/18      EV: 23    Int: 13    God:    Gozag
Gold:   782        SH:  5    Dex: 17    Spells: 3/19 levels left

rFire    . . .     SeeInvis +   a - +2 short sword (venom)
rCold    . . .     Faith    .   (shield restricted)
rNeg     . . .     Spirit   .   f - +0 robe
rPois    .         Reflect  +   (helmet restricted)
rElec    .         Harm     .   w - +0 cloak
rCorr    .         Rampage  .   (gloves unavailable)
Will     +....                  (boots unavailable)
Stlth    +++++.....             i - amulet of reflection
HPRegen  0.17/turn              k - +4 ring of protection
MPRegen  0.16/turn              q - ring of wizardry

@: very quick
A: very small, no large weapons, unfitting armour, see invisible, speed 3
a: Renounce Religion, Potion Petition, Call Merchant, Bribe Branch


You were in a bailey.
You worshipped Gozag.
Gozag was pleased with you.
You visited 2 branches of the dungeon, and saw 9 of its levels.
You also visited: Ossuary and Bailey.

You collected 1389 gold pieces.
You spent 274 gold pieces at shops.
You paid 333 gold pieces to Gozag.

Inventory:

Hand Weapons
 a - a +2 short sword of venom (weapon)
 b - a +0 hand crossbow
 F - a +4 quarterstaff of chaos
 N - a +2 short sword of electrocution
 O - a +2 dagger of holy wrath
Missiles
 d - 50 bolts
 h - 260 stones (quivered)
 r - 54 poisoned darts
 s - 78 arrows
 z - 18 sling bullets
 G - 6 throwing nets
 K - 4 boomerangs
 U - a curare-tipped dart
Armour
 f - a +0 robe (worn)
 w - a +0 cloak (worn)
Magical Staves
 Q - a staff of air
Jewellery
 i - an amulet of reflection (around neck)
 k - a +4 ring of protection (left hand)
 q - a ring of wizardry (right hand)
 S - the ring of the Fool {*Corrode rC+ rN+ Str+6 Dex+3}
   (You bought it in a shop on level 7 of the Dungeon)

   [ring of strength]

   Str:       It affects your strength (+6).
   Dex:       It affects your dexterity (+3).
   rC:        It protects you from cold.
   rN:        It protects you from negative energy.
   *Corrode:  It may corrode you when you take damage.
Wands
 t - a wand of polymorph (5)
 x - a wand of acid (16)
 J - a wand of charming (8)
Scrolls
 e - 3 scrolls of teleportation
 g - 2 scrolls of noise
 j - 2 scrolls of blinking
 m - a scroll of brand weapon {unknown}
 v - a scroll of fear {unknown}
 y - a scroll of immolation {unknown}
 L - a scroll of enchant armour {unknown}
 M - a scroll of fog {unknown}
Potions
 c - a potion of haste
 l - a potion of berserk rage
 n - a potion of curing
 o - 4 potions of flight
 p - 2 potions of degeneration {unknown}
 u - 2 potions of cancellation {unknown}
 A - 2 potions of resistance
 B - 2 potions of might {unknown}
 C - 2 potions of heal wounds {unknown}
 D - 3 potions of brilliance {unknown}
 I - a potion of attraction {unknown}
 R - 3 potions of magic


   Skills:
 - Level 5.0 Fighting
 + Level 2.8 Short Blades
 + Level 9.2 Dodging
 + Level 10.1 Stealth
 - Level 1.1 Unarmed Combat
 - Level 5.0 Spellcasting
 - Level 5.0 Conjurations
 + Level 3.6 Hexes
 - Level 3.0 Translocations
 + Level 5.3 Air Magic
 - Level 2.6 Evocations


You had 3 spell levels left.
You knew the following spells:

 Your Spells              Type           Power      Damage    Failure   Level
a - Shock                 Conj/Air       64%        1d7       1%          1
b - Airstrike             Air            8%         N/A       9%          4
c - Apportation           Tloc           22%        N/A       2%          1
d - Swiftness             Air            17%        N/A       2%          3
e - Corona                Hex            13%        N/A       1%          1
f - Invisibility          Hex            6%         N/A       91%         6

Your spell library contained the following spells:

 Spells                   Type           Power      Damage    Failure   Level
 Animate Skeleton         Necr           6%         N/A       8%          1
 Summon Small Mammal      Summ           12%        N/A       8%          1
 Passwall                 Tmut/Erth      2%         N/A       12%         2


Dungeon Overview and Level Annotations

Branches:
Dungeon (8/15)             Temple (1/1) D:4         Ossuary (visited)
 Bailey (1/1)
   Lair: D:8-11

Altars:
Ashenzari
Cheibriados
Dithmenos
Elyvilon
Fedhas
Gozag
Hepliaklqana
Kikubaaqudgha
Makhleb
Nemelex Xobeh
Okawaru
Qazlal
Ru
Sif Muna
Trog
Uskayaw
Vehumet
Wu Jian
Xom
Yredelemnul
Zin
The Shining One

Shops:
D:4 [   D:7 *

Annotations:
D:8 Maggie


Innate Abilities, Weirdness & Mutations

You are very small and have problems with some larger weapons.
You are too small for most types of armour.
You have supernaturally acute eyesight. (SInv)
You cover ground extremely quickly. (Speed+++)


Message History

The bolt barely misses the gnoll sergeant.
The gnoll sergeant closely misses you.
The gnoll sergeant completely misses you.
You shoot a bolt.
The bolt hits the gnoll sergeant but does no damage.
The gnoll sergeant is severely wounded.
The gnoll sergeant misses you.
You shoot a bolt.
The bolt hits the gnoll sergeant but does no damage.
The gnoll sergeant is severely wounded.
The gnoll sergeant completely misses you.
The gnoll sergeant hits you from afar with a +0 halberd!
You shoot a bolt.
The bolt barely misses the gnoll sergeant.
The gnoll sergeant closely misses you.
You shoot a bolt.
The bolt barely misses the gnoll sergeant.
The gnoll sergeant hits you from afar with a +0 halberd!
The gnoll sergeant hits you from afar with a +0 halberd.
You shoot a bolt. The bolt hits the gnoll sergeant.
The gnoll sergeant is severely wounded.
The gnoll sergeant closely misses you.
You shoot a bolt.
The bolt hits the gnoll sergeant but does no damage.
The gnoll sergeant is severely wounded.
The gnoll sergeant barely misses you. The gnoll sergeant misses you.
You shoot a bolt.
The bolt barely misses the gnoll sergeant.
The gnoll sergeant hits you from afar with a +0 halberd.
You are too injured to fight recklessly!
You are too injured to fight recklessly!
Okay, then.
Your +2 short sword of venom begins to drip with poison!
a - a +2 short sword of venom (weapon)
The gnoll sergeant hits you from afar with a +0 halberd!!
* * * LOW HITPOINT WARNING * * *
You feel better. The gnoll sergeant closely misses you.
The gnoll sergeant hits you with a +0 halberd!
You die...
Your body crumbles into a pile of gold. ♣♣≈≈...###### ♣.≈..# g8... ♣♣.≈..# gg..g

♣..≈..# .....
♣..≈..# ...##
♣♣..≈..# . ##.
♣♣...≈..######..
#♣♣♣.......)...#...
#∩@g∩)((().)))().((
#♣♣♣....)..'.))#...
♣♣...≈..######..
♣...≈..# ##.
♣...≈..#$ ..##
♣♣..≈..#$ ...
♣♣.≈..#$ .. ♣.≈..#
♣♣≈≈..


You could see a gnoll sergeant.

Vanquished Creatures
  Pikel (D:5)
  A troll (D:7)
  Prince Ribbit (D:5)
  A steam dragon (D:8)
  Menkaure (D:7)
  An orc warrior (D:6)
  A water moccasin (D:7)
  2 necrophages
  4 ogres
  Blork the orc (D:5)
  An elf zombie (Ossuary)
  2 bullfrogs (D:7)
  A kobold brigand (D:7)
  3 scorpions
  2 wyvern zombies (D:7)
  3 gnoll sergeants (Bailey)
  5 killer bees (D:6)
  8 wights (D:6)
  A centaur zombie (Ossuary)
  A bullfrog zombie (D:6)
  4 orc priests
  Crazy Yiuf (D:2)
  2 human zombies (Ossuary)
  3 hounds
  A centaur skeleton (D:7)
  2 gnoll shamans
  Ijyb (D:3)
  3 iguanas
  An orc wizard (D:4)
  2 killer bee zombies (D:8)
  A hound skeleton (D:5)
  3 mummies
  A howler monkey zombie (D:8)
  23 gnolls
  9 adders
  A white imp (D:5)
  2 adder skeletons (D:4)
  2 adder zombies (Ossuary)
  2 worms
  2 dart slugs
  25 orcs
  3 ball pythons
  8 endoplasms
  3 giant cockroaches
  18 goblins
  5 hobgoblins
  4 jackals (D:5)
  17 kobolds
  A quokka (D:1)
  6 bats
  3 frilled lizards
  A goblin zombie (Ossuary)
  10 hobgoblin zombies (Ossuary)
  A jackal zombie (Ossuary)
  11 kobold zombies (Ossuary)
  8 orc zombies (Ossuary)
  2 rats
  A rat zombie (D:8)
234 creatures vanquished.

Vanquished Creatures (collateral kills)
  A gnoll shaman (Bailey)
  4 gnolls (Bailey)
5 creatures vanquished.

Vanquished Creatures (others)
  Edmund (D:5)
  A bullfrog zombie (D:5)
  A withered plant (D:8)
3 creatures vanquished.

Grand Total: 242 creatures vanquished

Notes
Turn   | Place    | Note
-------+----------+-------------------------------------------
     0 | D:1      | Descartes the Spriggan Wanderer began the quest for the
                  | Orb.
     0 | D:1      | Descartes set off with the following items: a +0 hand
                  | crossbow, a potion of berserk rage, a potion of haste, 23
                  | bolts, a scroll of teleportation, a +0 robe
     0 | D:1      | Reached XP level 1. HP: 14/14 MP: 2/2
    86 | D:1      | Reached skill level 5 in Fighting
   105 | D:1      | Reached XP level 2. HP: 18/18 MP: 3/3
   142 | D:1      | Learned a level 1 spell: Shock
   198 | D:1      | Reached skill level 2 in Stealth
   335 | D:1      | Reached skill level 1 in Dodging
   810 | D:2      | Reached skill level 1 in Spellcasting
   810 | D:2      | Reached XP level 3. HP: 12/23 MP: 0/5
  1051 | D:2      | Found a runed translucent door.
  1052 | D:2      | Noticed Crazy Yiuf
  1908 | D:2      | Reached skill level 1 in Short Blades
  1908 | D:2      | Reached skill level 3 in Stealth
  1908 | D:2      | Reached skill level 1 in Conjurations
  1908 | D:2      | Reached skill level 1 in Air Magic
  1908 | D:2      | Reached XP level 4. HP: 23/27 MP: 7/7
  2143 | D:2      | Killed Crazy Yiuf
  2615 | D:3      | Noticed a necrophage
  2628 | D:3      | Killed a necrophage
  2629 | D:3      | Reached skill level 4 in Stealth
  2629 | D:3      | Reached XP level 5. HP: 15/30 MP: 9/9
  2946 | D:3      | Found a sparkling altar of Nemelex Xobeh.
  3034 | D:3      | Noticed Ijyb
  3043 | D:3      | Killed Ijyb
  3044 | D:3      | Reached XP level 6. HP: 10/35 MP: 11/11
  4140 | D:4      | Found a stormy altar of Qazlal.
  4517 | D:4      | Found Tuhef's Antique Armour Emporium.
  4829 | D:4      | Reached skill level 5 in Stealth
  5052 | D:4      | Reached XP level 7. HP: 27/39 MP: 8/13
  5204 | D:4      | Learned a level 4 spell: Airstrike
  5355 | D:4      | Found a staircase to the Ecumenical Temple.
  5364 | Temple   | Entered the Ecumenical Temple
  5456 | Temple   | Became a worshipper of Gozag Ym Sagoz the Greedy
  5897 | D:5      | Entered Level 5 of the Dungeon
  5908 | D:5      | Noticed Prince Ribbit
  5918 | D:5      | Killed Prince Ribbit
  5962 | D:5      | Noticed Pikel
  5979 | D:5      | Killed Pikel
  5980 | D:5      | Reached skill level 5 in Dodging
  5980 | D:5      | Reached skill level 6 in Stealth
  5980 | D:5      | Reached XP level 8. HP: 18/43 MP: 7/16
  6007 | D:5      | Noticed Edmund
  6025 | D:5      | Killed Edmund
  6266 | D:5      | Reached skill level 5 in Spellcasting
  6430 | D:5      | Learned a level 1 spell: Apportation
  6435 | D:5      | Learned a level 3 spell: Swiftness
  6437 | D:5      | Learned a level 1 spell: Corona
  6483 | D:5      | Reached skill level 7 in Stealth
  6751 | D:5      | Noticed Blork the orc
  6759 | D:5      | Killed Blork the orc
  6760 | D:5      | Reached skill level 1 in Translocations
  7353 | D:6      | Found an ornate altar of the Wu Jian Council.
  7373 | D:6      | Reached skill level 5 in Air Magic
  7543 | D:6      | Found a blossoming altar of Fedhas.
  7543 | D:6      | Found a shadowy altar of Dithmenos.
  7544 | D:6      | Found a broken altar of Ashenzari.
  7921 | D:6      | Reached XP level 9. HP: 23/47 MP: 17/17
  7929 | D:6      | Reached skill level 8 in Stealth
  8877 | D:6      | Reached skill level 9 in Stealth
  9863 | D:7      | Noticed Menkaure
  9873 | D:7      | Killed Menkaure
 10192 | D:7      | Learned a level 6 spell: Invisibility
 10413 | D:7      | Reached skill level 1 in Hexes
 10480 | D:7      | Noticed a troll
 10493 | D:7      | Killed a troll
 10494 | D:7      | Reached skill level 10 in Stealth
 10506 | D:7      | Reached skill level 5 in Conjurations
 10799 | D:7      | Found Qipruof's Assorted Antiques.
 10803 | D:7      | Bought a blue potion for 19 gold pieces
 10803 | D:7      | Bought a bound golden ring for 110 gold pieces
 10803 | D:7      | Identified the ring of the Fool {*Corrode rC+ rN+ Str+6
                  | Dex+3} (You bought it in a shop on level 7 of the Dungeon)
 10803 | D:7      | Bought an inky potion for 19 gold pieces
 10803 | D:7      | Bought a scroll labelled VOIFETOCHI for 22 gold pieces
 10803 | D:7      | Bought a glowing black potion for 19 gold pieces
 10803 | D:7      | Bought a scroll of teleportation for 66 gold pieces
 10803 | D:7      | Bought a metallic white potion for 19 gold pieces
 11055 | D:8      | Found a flagged portal.
 11105 | D:8      | Found a sand-covered staircase.
 11113 | Ossuary  | Entered an ossuary
 11587 | D:8      | Reached XP level 10. HP: 29/51 MP: 18/18
 11606 | D:8      | Noticed Maggie
 11642 | Bailey   | Entered a bailey
 12606 | Bailey   | Slain by a gnoll sergeant

Illustrated notes

Levels and vault maps discovered:
D:1:      amcnicky_arrival_choice, layout_basic
D:2:      layout_loops_corners, uniq_crazy_yiuf_cottage
D:3:      layout_basic, nemelex_diamond_rough_becter, uniq_ijyb
D:4:      layout_basic, nicolae_qazlal_general_emergency,
          minmay_temple_entry_mini_moons, serial_shops, nicolae_take_the_stairs
D:5:      layout_loops_cross, lemuel_flamethrower_2, uniq_edmund,
          uniq_blork_the_orc, uniq_prince_ribbit1, uniq_pikel
D:6:      layout_basic, nzn_wu_jian_contemplation,
          chequers_temple_overflow_statue_of_worship, minmay_ogre_servants
D:7:      layout_rooms, serial_shops, nicolae_shop_stone, uniq_menkaure
D:8:      layout_basic, serial_undead, serial_undead_c, serial_undead_a,
          serial_undead_a, serial_undead_a, serial_undead_b, enter_ossuary_4,
          enter_bailey_5, kennysheep_decorative_pillar,
          kennysheep_generic_room_14, uniq_maggie
Temple:   lightli_temple_of_artemis
Bailey:   bailey_polearm_gnolls_kennysheep, bailey

Skill      XL: |  1  2  3  4  5  6  7  8  9 |
---------------+----------------------------+-----
Fighting       | 5 |  5.0
Stealth        | 2 3 4 5 6 7 10 | 10.1
Dodging        | 1 2 3 5 6 9 |  9.2
Spellcasting   | 1 2 3 4 5 |  5.0
Short Blades   | 1 2 |  2.8
Conjurations   | 1 2 3 5 |  5.0
Air Magic      | 1 2 4 5 |  5.3
Translocations | 3 |  3.0
Hexes          | 3 |  3.6
Unarmed Combat | |  1.1
Evocations     | |  2.6

Action                   |  1- 3 |  4- 6 |  7- 9 | 10-12 || total
-------------------------+-------+-------+-------+-------++-------
Melee: Dagger            |    17 |       |   142 |     7 ||   166
       Quarterstaff      |       |    44 |   189 |       ||   233
       Unarmed           |       |     5 |       |       ||     5
       Short sword       |       |       |    56 |    43 ||    99
       Staff             |       |       |    11 |       ||    11
 Fire: Hand crossbow     |    37 |    65 |    40 |    74 ||   216
 Cast: Shock             |    40 |    61 |   108 |       ||   209
       Airstrike         |       |       |     1 |       ||     1
Invok: Potion Petition   |       |       |       |     1 ||     1
  Use: Potion            |       |     1 |       |     5 ||     6
       Scroll            |       |       |     7 |     2 ||     9
 Stab: Sleeping          |     1 |       |    27 |     1 ||    29
       Paralysed         |       |     1 |       |       ||     1
       Distracted        |       |       |     1 |     3 ||     4
Armor: Robe              |     5 |    13 |    44 |     6 ||    68
Dodge: Dodged            |    14 |    68 |   306 |   101 ||   489
Block: Other             |     9 |    12 |    83 |    23 ||   127
       Reflection        |     1 |     1 |     1 |     1 ||     4
